AoeStats
← AxingQuestions

Oasis

509775133Analyzed
4v4 RM · 3d ago on Sep 28, 2026· 35m 5s· 8 players
Game mode
Random Map
Map size
Large (8 player)
Population
200
Speed
Normal
Resources
Standard
Victory
Conquest
Starting age
Dark Age
Ending age
Imperial Age
RankedLock teamsTeams togetherTeam positionsShared explorationLock speedFull tech treeHidden civsTurbo modeCheats
Victory
Defeat
🇺🇸 Mongols · United States
1360
+10
🇦🇷 Franks · Argentina
1312
+12
🇦🇷 Malians · Argentina
1308
+12
🇦🇷 Ethiopians · Argentina
1224
+15
🇨🇴 Persians · Colombia
1289
-15
🇺🇸 Vikings · United States
1245
-13
🇲🇽 Persians · Mexico
1220
-12
🇨🇴 Khmer · Colombia
1133
-9
RMXs | Arobledoz
9:56 Feudal Age
10:36 Double-Bit Axe
15:46 Scale Barding Armor
21:03 Castle Age
20:17 Gold Mining
20:57 Bloodlines
21:45 Forging
25:11 Chain Barding Armor
30:32 Wheelbarrow
31:44 Husbandry
35:29 Hand Cart
Saul carvajal 9
4:54 Loom
7:47 Loom
10:18 Feudal Age
18:01 Castle Age
20:47 Horse Collar
21:05 Double-Bit Axe
22:19 Wheelbarrow
23:18 Bow Saw
24:55 Hand Cart
30:19 Town Watch
35:24 Imperial Age
AxingQuestions
4:07 Loom
10:13 Feudal Age
10:39 Double-Bit Axe
12:07 Horse Collar
18:46 Town Watch
20:31 Fletching
20:54 Padded Archer Armor
27:09 Castle Age
26:30 Gold Mining
27:07 Crossbowman
27:45 Bodkin Arrow
30:00 Elite Skirmisher
32:00 Leather Archer Armor
Prixmastx
7:15 Loom
10:21 Feudal Age
13:08 Forging
19:42 Scale Mail Armor
24:28 Castle Age
23:41 Horse Collar
23:48 Double-Bit Axe
24:31 Bloodlines
25:06 Bow Saw
25:24 Scale Barding Armor
26:16 Fletching
Arribia
6:08 Loom
8:37 Feudal Age
9:37 Double-Bit Axe
18:47 Forging
20:49 Fletching
23:01 Castle Age
22:22 Bloodlines
22:02 Fletching
22:13 Padded Archer Armor
23:15 Gold Mining
23:06 Horse Collar
23:54 Bodkin Arrow
24:22 Light Cavalry
25:48 Scale Barding Armor
26:30 Husbandry
33:06 Wheelbarrow
32:43 Bow Saw
35:42 Imperial Age
33:58 Ballistics
35:57 Hand Cart
fedee90
6:14 Loom
9:40 Feudal Age
10:37 Double-Bit Axe
19:05 Wheelbarrow
21:49 Castle Age
20:52 Scale Barding Armor
20:57 Forging
20:41 Gold Mining
23:16 Husbandry
23:57 Chain Barding Armor
27:32 Iron Casting
33:40 Hand Cart
34:13 Town Watch
38:08 Imperial Age
Genghis Kant
10:50 Feudal Age
14:52 Castle Age
13:11 Double-Bit Axe
13:26 Horse Collar
16:05 Bow Saw
18:10 Loom
18:31 Town Watch
18:51 Gold Mining
18:59 Loom
20:51 Wheelbarrow
24:50 Heavy Plow
25:19 Fletching
26:46 Scale Mail Armor
26:56 Forging
27:22 Forging
27:13 Scale Mail Armor
27:33 Stone Mining
28:18 Gold Shaft Mining
28:36 Hand Cart
29:46 Iron Casting
30:25 Chain Mail Armor
30:54 Gold Shaft Mining
30:54 Stone Shaft Mining
33:33 Imperial Age
32:19 Bodkin Arrow
32:34 Town Patrol
33:22 Tigui
34:49 Plate Mail Armor
34:24 Capped Ram
Commander Ricky
6:46 Loom
9:16 Feudal Age
11:11 Double-Bit Axe
13:51 Fletching
21:53 Wheelbarrow
24:09 Castle Age
22:47 Padded Archer Armor
23:37 Gold Mining
24:10 Horse Collar
24:33 Crossbowman
25:09 Bodkin Arrow
26:10 Hand Cart
27:11 Bow Saw
27:51 Leather Archer Armor
27:46 Town Watch
30:02 Gold Shaft Mining
30:34 Ballistics
34:31 Imperial Age
32:43 Heavy Plow
35:26 Thumb Ring
34:46 Arbalester
35:29 Bracer
Connection lost

Rejoining the realm…

Still unreachable

The connection could not be restored.

Session expired

The server has moved on; the page needs a fresh start.